[Event "Titled Tuesday Blitz June 20 Late 2023"]
[White "Kielinkei"]
[Black "Rodriguez Polo, Mateo"]
[BlackFideId "24509396"]
[WhiteElo "2450"]
[BlackElo "2117"]
[Result "0-1"]
[Round "5"]
[TimeControl "180+2"]
[Date "2023.06.20"]
[WhiteClock "0:00:11"]
[BlackClock "0:00:10"]
[Board "138"]

1. d4 e6 2. c4 Bb4+ 3. Nd2 d5 4. e3 Nf6 5. a3 Be7 6. Ngf3 O-O 7. Bd3 c5 8. cxd5 exd5 9. dxc5 Bxc5 10. b4 Bd6 11. O-O a5 12. Bb2 Re8 13. Nb3 Nc6 14. b5 Ne5 15. Nbd4 Nxd3 16. Qxd3 Ne4 17. Rac1 a4 18. h3 Bd7 19. Nd2 Nc5 20. Qe2 Qg5 21. N4f3 Qg6 22. Kh1 Nd3 23. Rb1 Nf4 24. Nh4 Nxe2 25. Nxg6 hxg6 26. Rfe1 Bxb5 27. Bxg7 Bd3 28. Rb6 Bc5 29. Rxb7 Kxg7 30. Rc7 Bxa3 31. Nf3 Bd6 32. Rc6 Red8 33. Rd1 Bb5 34. Rc2 a3 35. Rxd5 a2 36. Rxa2 Rxa2 37. g3 Bc4 38. Rd1 Be7 39. Rb1 Rda8 40. Kg2 Ra1 41. Rb7 Bf6 42. h4 Bd5 43. Rc7 Rg1+ 44. Kh3 Bxf3 0-1


[Site "https://www.chess.com"]

[Event "Titled Tuesday Blitz June 20 Late 2023"]
[White "Pan, Kevin"]
[Black "Romero Ruscalleda, Josep"]
[WhiteFideId "30915708"]
[BlackFideId "2231859"]
[WhiteElo "2233"]
[BlackElo "2183"]
[Result "1-0"]
[Round "5"]
[TimeControl "180+2"]
[Date "2023.06.20"]
[WhiteClock "0:00:32"]
[BlackClock "0:00:19"]
[Board "139"]

1. e4 g6 2. d4 Bg7 3. Nc3 d6 4. Nf3 a6 5. Be2 b5 6. a3 Bb7 7. O-O Nd7 8. Be3 e5 9. dxe5 Nxe5 10. Nxe5 dxe5 11. Nd5 Ne7 12. c4 Nxd5 13. cxd5 O-O 14. Rc1 f5 15. f3 Rf7 16. a4 bxa4 17. Qxa4 Bf8 18. Qb3 Rb8 19. Ba7 Bd6 20. Bxb8 Qxb8 21. Kh1 Qa7 22. Ra1 Kg7 23. Qa4 Qe3 24. Bxa6 Bxa6 25. Qxa6 fxe4 26. Rae1 Qd2 27. fxe4 Qxb2 28. Rxf7+ Kxf7 29. Qd3 Kg7 30. Rf1 Qb8 31. Qf3 Qe8 32. Qf6+ Kg8 33. h4 Qe7 34. g4 Qxf6 35. Rxf6 Be7 36. Re6 Bd6 37. h5 Kf7 38. hxg6+ hxg6 39. Kg2 g5 40. Rh6 Kg7 41. Rh1 Kg6 42. Rc1 Kf7 43. Kf3 Kf6 44. Ke3 Ke7 45. Kd3 Kf6 46. Kc4 Ke7 47. Kb5 Kd7 48. Rf1 Ke7 49. Rf5 Kd7 50. Rxg5 Be7 51. Rg7 Kd6 52. Rxe7 Kxe7 53. Kc6 Kf6 54. Kxc7 Kg5 55. d6 1-0


[Site "https://www.chess.com"]

[Event "Titled Tuesday Blitz June 20 Late 2023"]
[White "Gabdushev, Ruslan"]
[Black "Vifleemskaia, Svetlana"]
[WhiteFideId "4137833"]
[BlackFideId "4129490"]
[WhiteElo "2233"]
[BlackElo "1930"]
[Result "1-0"]
[Round "5"]
[TimeControl "180+2"]
[Date "2023.06.20"]
[WhiteClock "0:01:30"]
[BlackClock "0:00:06"]
[Board "140"]

1. b3 e5 2. Bb2 Nc6 3. e3 Nf6 4. Bb5 Bd6 5. Na3 a6 6. Be2 b5 7. c4 b4 8. Nc2 e4 9. f4 Qe7 10. Nh3 Bc5 11. O-O d6 12. Nf2 h5 13. a3 Bf5 14. axb4 Nxb4 15. Nd4 Bxd4 16. Bxd4 c5 17. Bc3 h4 18. Bxb4 cxb4 19. Ra4 d5 20. Qa1 Qb7 21. Qe5+ Be6 22. f5 Qb8 23. Qxb8+ Rxb8 24. fxe6 fxe6 25. Rxa6 Kf7 26. Ng4 Rhd8 27. Ne5+ 1-0


[Site "https://www.chess.com"]

[Event "Titled Tuesday Blitz June 20 Late 2023"]
[White "Schut, Han"]
[Black "SergioMoralesG"]
[WhiteFideId "1005561"]
[WhiteElo "2024"]
[BlackElo "2433"]
[Result "0-1"]
[Round "5"]
[TimeControl "180+2"]
[Date "2023.06.20"]
[WhiteClock "0:00:25"]
[BlackClock "0:00:05"]
[Board "141"]

1. e4 e5 2. Nf3 Nf6 3. Bc4 Nc6 4. d4 exd4 5. e5 Ne4 6. Qe2 Nc5 7. c3 d3 8. Qe3 Be7 9. b4 Ne6 10. O-O O-O 11. Rd1 d5 12. Rxd3 d4 13. Qe1 Qe8 14. Bxe6 fxe6 15. Nxd4 Nxd4 16. cxd4 Bd7 17. f4 Bc6 18. a3 Qg6 19. Rg3 Qc2 20. Qd2 Qe4 21. Nc3 Qf5 22. d5 Rad8 23. Rd3 exd5 24. Nxd5 Bg5 25. g3 Qe4 26. Bb2 Rxd5 27. Rxd5 Bxd5 28. Kf2 Qg2+ 29. Ke3 Qf3+ 30. Kd4 Qe4+ 31. Kc3 Qc4# 0-1


[Site "https://www.chess.com"]

[Event "Titled Tuesday Blitz June 20 Late 2023"]
[White "Ward, Ieuan C"]
[Black "FuenfgegenWilly"]
[WhiteFideId "406627"]
[WhiteElo "2263"]
[BlackElo "2417"]
[Result "1-0"]
[Round "5"]
[TimeControl "180+2"]
[Date "2023.06.20"]
[WhiteClock "0:01:03"]
[BlackClock "0:00:09"]
[Board "142"]

1. d4 d5 2. c4 e5 3. dxe5 d4 4. Nf3 Nc6 5. g3 Nge7 6. Bg2 Ng6 7. O-O Ngxe5 8. Nbd2 Be7 9. b3 O-O 10. Bb2 Nxf3+ 11. Nxf3 Bf6 12. Qd2 Re8 13. Rad1 Bg4 14. a3 a5 15. Rfe1 Qd6 16. Qf4 Qxf4 17. gxf4 Rad8 18. Rd2 g6 19. h3 Bf5 20. Red1 Kg7 21. Kf1 a4 22. b4 Be6 23. Nxd4 Nxd4 24. Bxd4 Bxd4 25. Rxd4 b6 26. Rxd8 1-0


[Site "https://www.chess.com"]

[Event "Titled Tuesday Blitz June 20 Late 2023"]
[White "Ionescu, Mihai"]
[Black "Davidson, Kevin"]
[WhiteFideId "1202499"]
[BlackFideId "2056810"]
[WhiteElo "2279"]
[BlackElo "2151"]
[Result "1-0"]
[Round "5"]
[TimeControl "180+2"]
[Date "2023.06.20"]
[WhiteClock "0:01:42"]
[BlackClock "0:00:00"]
[Board "143"]

1. Nf3 Nf6 2. c4 g6 3. Nc3 Bg7 4. e4 d6 5. d4 O-O 6. Be2 e5 7. Be3 Ng4 8. Bg5 f6 9. Bh4 g5 10. Bg3 Nh6 11. h3 Nc6 12. d5 Ne7 13. Qd2 Ng6 14. O-O-O Nf4 15. Bf1 f5 16. Ne1 fxe4 17. Nxe4 Nf5 18. Bd3 h6 19. Rg1 Nd4 20. Nc2 Bf5 21. Nxd4 Nxd3+ 22. Qxd3 exd4 23. f3 Qe7 24. Rge1 Qf7 25. Bf2 c5 26. dxc6 bxc6 27. Bxd4 d5 28. Bxg7 dxe4 29. fxe4 Bxe4 30. Rxe4 Qxg7 31. Qd4 Qxd4 32. Rexd4 Rf2 33. R1d2 Raf8 34. Rxf2 Rxf2 35. Rd2 Rf4 36. b3 c5 37. Kb2 Kf7 38. Ka3 Ke6 39. Ka4 h5 40. Kb5 Rf5 41. Kc6 g4 42. hxg4 1-0


[Site "https://www.chess.com"]

[Event "Titled Tuesday Blitz June 20 Late 2023"]
[White "Chabris, Christopher"]
[Black "Cluke86"]
[WhiteFideId "2005263"]
[WhiteElo "2411"]
[BlackElo "2248"]
[Result "0-1"]
[Round "5"]
[TimeControl "180+2"]
[Date "2023.06.20"]
[WhiteClock "0:00:00"]
[BlackClock "0:00:18"]
[Board "144"]

1. e4 d6 2. d4 Nf6 3. Nc3 e5 4. Nf3 Nbd7 5. g4 Nxg4 6. Rg1 Ngf6 7. Bc4 h6 8. Be3 c6 9. Qd2 Qa5 10. O-O-O b5 11. Bb3 b4 12. Ne2 Nxe4 13. Qd3 d5 14. dxe5 Ba6 15. Qxe4 dxe4 16. e6 fxe6 17. Bxe6 Rd8 18. Nfd4 Bxe2 19. Nxc6 Bxd1 20. Nxa5 Bf3 21. Nc6 Rc8 22. Nxa7 Rc7 23. Nb5 Rc6 24. Bd5 Rc8 25. Bf4 g5 26. Be3 Nf6 27. Be6 Rb8 28. Nd4 Bc5 29. Nf5 Bxe3+ 30. fxe3 Rd8 31. h4 g4 32. b3 Nd5 33. Nd4 Nc3 34. Kb2 Ke7 35. Bxg4 Bxg4 36. Rxg4 Rhg8 37. Rf4 Rdf8 38. Nc6+ Kd6 39. Rxf8 Rxf8 40. Nxb4 Nd5 41. a4 Nxb4 42. Kc3 Nc6 43. Kc4 Rf2 44. c3 Rd2 45. b4 Ne5+ 46. Kb5 Rd3 47. c4 Rxe3 48. c5+ Kc7 49. a5 Rc3 50. a6 Kb8 51. Kb6 e3 52. b5 Nd7+ 53. Kc6 Nxc5 54. b6 Nxa6+ 55. Kb5 e2 56. Kxa6 e1=Q 57. Ka5 Rb3+ 58. Ka4 Qa1+ 59. Kxb3 Qb1+ 60. Kc4 Qxb6 0-1


[Site "https://www.chess.com"]

[Event "Titled Tuesday Blitz June 20 Late 2023"]
[White "Francisco_Ferrari"]
[Black "Spaqi, Wilson"]
[BlackFideId "2053888"]
[WhiteElo "2251"]
[BlackElo "2408"]
[Result "0-1"]
[Round "5"]
[TimeControl "180+2"]
[Date "2023.06.20"]
[WhiteClock "0:01:47"]
[BlackClock "0:02:33"]
[Board "145"]

1. d4 d5 2. Nf3 Bf5 3. e3 e6 4. Bd3 Bg6 5. O-O Nd7 6. c4 c6 7. Nc3 Ngf6 8. b3 Bd6 9. Re1 Ne4 10. Qc2 f5 11. Bb2 Bh5 12. Nd2 Bxh2+ 13. Kxh2 Qh4+ 14. Kg1 Qxf2+ 15. Kh2 Nxd2 0-1


[Site "https://www.chess.com"]

[Event "Titled Tuesday Blitz June 20 Late 2023"]
[White "Kostiukov, Alexandr"]
[Black "Ladan, Nicholas"]
[WhiteFideId "14108100"]
[BlackFideId "30918855"]
[WhiteElo "2202"]
[BlackElo "2167"]
[Result "1-0"]
[Round "5"]
[TimeControl "180+2"]
[Date "2023.06.20"]
[WhiteClock "0:00:07"]
[BlackClock "0:00:05"]
[Board "146"]

1. g3 b6 2. Bg2 Nc6 3. d4 Bb7 4. Nf3 g6 5. O-O Bg7 6. c4 e6 7. d5 Nce7 8. Nc3 Nf6 9. e4 O-O 10. Re1 h6 11. e5 Ne8 12. Nd4 exd5 13. cxd5 d6 14. e6 f5 15. h4 Nf6 16. Nc2 Rc8 17. Bf4 a6 18. a4 Kh7 19. Bf3 Ng4 20. Qd2 Ne5 21. Be2 c6 22. Ne3 cxd5 23. Nexd5 Nxd5 24. Nxd5 Bxd5 25. Qxd5 Rc5 26. Qd2 Qe7 27. b4 Rc6 28. Qa2 Rfc8 29. Rac1 g5 30. hxg5 hxg5 31. Rxc6 Rxc6 32. Bxe5 dxe5 33. Bxa6 Qxe6 34. Qxe6 Rxe6 35. Bc8 Rf6 36. Rxe5 Rf8 37. Bxf5+ Kh6 38. Re6+ Kh5 39. Bg6+ Kg4 40. Kg2 Rf6 41. f3+ Rxf3 42. Re4+ Rf4 43. gxf4 gxf4 44. Re6 f3+ 45. Kf1 Bd4 46. Be4 Kf4 47. Bc6 f2 48. Re4+ Kg3 49. Rxd4 b5 50. axb5 Kh3 51. Rd2 Kh2 52. Rxf2+ Kg3 53. b6 Kh3 54. b7 Kg3 55. b8=Q+ Kh3 56. Rh2+ Kg4 57. Qg8+ Kf4 58. Re2 Kf5 59. Qf7+ Kg4 60. Rg2+ Kh3 61. Qh7# 1-0


[Site "https://www.chess.com"]

[Event "Titled Tuesday Blitz June 20 Late 2023"]
[White "dodoucb"]
[Black "Palacio,Igor Da Paz"]
[BlackFideId "2121140"]
[WhiteElo "2403"]
[BlackElo "2126"]
[Result "1-0"]
[Round "5"]
[TimeControl "180+2"]
[Date "2023.06.20"]
[WhiteClock "0:00:05"]
[BlackClock "0:00:01"]
[Board "147"]

1. e4 c5 2. Nc3 Nc6 3. g3 g6 4. Bg2 Bg7 5. d3 e6 6. Be3 d6 7. f4 Nge7 8. Nf3 O-O 9. O-O b6 10. d4 cxd4 11. Nxd4 Bb7 12. Qd2 a6 13. Rad1 Qc7 14. Nxc6 Nxc6 15. Qxd6 Qxd6 16. Rxd6 b5 17. e5 Rfc8 18. Rd7 Rab8 19. Rfd1 Bf8 20. Ne4 Kg7 21. Ng5 Nd8 22. Bxb7 Nxb7 23. Rxf7+ Kg8 24. Rdd7 Nc5 25. Ra7 Ra8 26. Rac7 Rab8 27. Nxh7 Ne4 28. Nf6+ Nxf6 29. exf6 Rxc7 30. Rxc7 Rd8 31. c3 Rd1+ 32. Kf2 Rb1 33. b3 Rb2+ 34. Kf3 Rc2 35. Bd4 Rxh2 36. f7+ Kh7 37. Rc8 Bh6 38. Rh8# 1-0


[Site "https://www.chess.com"]

[Event "Titled Tuesday Blitz June 20 Late 2023"]
[White "rionelG"]
[Black "Fernandez, Maria Florencia"]
[BlackFideId "116459"]
[WhiteElo "2242"]
[BlackElo "2074"]
[Result "1-0"]
[Round "5"]
[TimeControl "180+2"]
[Date "2023.06.20"]
[WhiteClock "0:00:07"]
[BlackClock "0:00:00"]
[Board "148"]

1. e4 c5 2. g3 d6 3. Bg2 Nf6 4. Ne2 g6 5. c3 Bg7 6. d4 cxd4 7. cxd4 O-O 8. Nbc3 Nc6 9. h3 a6 10. O-O Bd7 11. Be3 Rc8 12. Rc1 b5 13. Qd2 Na5 14. b3 b4 15. Nd1 Qb6 16. e5 Ne8 17. Rxc8 Bxc8 18. f4 Nc7 19. Nb2 d5 20. Nd3 Nc6 21. Rc1 Bd7 22. Rc2 e6 23. Nc5 Rd8 24. Nc1 Nb5 25. N1d3 Nc3 26. Nxb4 Nxb4 27. Rxc3 Bb5 28. Bf1 Bxf1 29. Kxf1 a5 30. Qe2 Bf8 31. Na4 Qb8 32. g4 Rc8 33. f5 Rxc3 34. Nxc3 Qc7 35. Qd2 Qb6 36. Kf2 Qa6 37. fxe6 fxe6 38. Qe2 Qb6 39. Qb5 Qd8 40. Qb7 Qe8 41. Kg2 Nc2 42. Bg5 Bb4 43. Nb5 Qf8 44. Bf6 Ne3+ 45. Kf3 1-0


[Site "https://www.chess.com"]

[Event "Titled Tuesday Blitz June 20 Late 2023"]
[White "Barrionuevo, Pablo"]
[Black "Arnold, Ken"]
[WhiteFideId "110566"]
[BlackFideId "2056836"]
[WhiteElo "2212"]
[BlackElo "2391"]
[Result "0-1"]
[Round "5"]
[TimeControl "180+2"]
[Date "2023.06.20"]
[WhiteClock "0:01:27"]
[BlackClock "0:01:22"]
[Board "149"]

1. d4 c6 2. Nf3 d5 3. c3 Nf6 4. Bg5 Bf5 5. Nbd2 Ne4 6. Bh4 h6 7. Nxe4 Bxe4 8. Nd2 Bh7 9. e4 Qb6 10. exd5 Qxb2 11. Qc1 Qxc1+ 12. Rxc1 cxd5 13. Bb5+ Nc6 14. O-O e6 15. c4 Kd7 16. cxd5 exd5 17. Nb3 a6 18. Bxc6+ bxc6 19. Nc5+ Bxc5 20. Rxc5 Bd3 21. Re1 Rhe8 22. Rd1 Bc4 23. Ra5 Re4 24. Bg3 Rae8 25. f3 Re2 26. a3 Ra2 27. Re1 Rxe1+ 28. Bxe1 Bb5 29. Bb4 h5 30. h4 f6 31. Bf8 g5 32. hxg5 fxg5 33. a4 Bc4 34. Bh6 g4 35. fxg4 hxg4 36. Bf4 Kc8 37. Bd6 Kb7 0-1


[Site "https://www.chess.com"]

[Event "Titled Tuesday Blitz June 20 Late 2023"]
[White "Navia Alvarez, Edwin Adrian"]
[Black "Mazurkiewicz, Michal"]
[WhiteFideId "4402898"]
[BlackFideId "1124943"]
[WhiteElo "1992"]
[BlackElo "2063"]
[Result "0-1"]
[Round "5"]
[TimeControl "180+2"]
[Date "2023.06.20"]
[WhiteClock "0:00:10"]
[BlackClock "0:00:36"]
[Board "150"]

1. d4 Nf6 2. Bf4 g6 3. Nc3 d5 4. h4 h6 5. Qd2 Bg7 6. O-O-O c6 7. e3 b5 8. f3 O-O 9. Kb1 Nbd7 10. g4 Nh7 11. e4 Nb6 12. Bxh6 b4 13. Nce2 Nc4 14. Qc1 dxe4 15. Bxg7 Kxg7 16. Ng3 Nd6 17. fxe4 Bxg4 18. Be2 Qd7 19. h5 g5 20. Nf3 f6 21. e5 Nf5 22. Rhg1 Qd5 23. Nxf5+ Bxf5 24. exf6+ exf6 25. Rdf1 Rae8 26. Bd1 a5 27. Ka1 a4 28. h6+ Kh8 29. Qd2 a3 30. bxa3 bxa3 31. c3 Rb8 32. Bb3 Rxb3 33. axb3 Qxb3 34. Ne1 Qb1# 0-1


[Site "https://www.chess.com"]

[Event "Titled Tuesday Blitz June 20 Late 2023"]
[White "Sadilek, Peter"]
[Black "Kopacz, Grzegorz"]
[WhiteFideId "1616439"]
[BlackFideId "1109880"]
[WhiteElo "2227"]
[BlackElo "2037"]
[Result "1-0"]
[Round "5"]
[TimeControl "180+2"]
[Date "2023.06.20"]
[WhiteClock "0:00:04"]
[BlackClock "0:00:01"]
[Board "151"]

1. d4 Nf6 2. Nf3 g6 3. Bg5 Bg7 4. Nbd2 O-O 5. c3 d6 6. e4 Bg4 7. Bd3 Nbd7 8. O-O h6 9. Bh4 e5 10. h3 Bxf3 11. Qxf3 Re8 12. Rad1 a5 13. Bb5 c6 14. Ba4 b5 15. Bc2 Qb6 16. Bxf6 Nxf6 17. dxe5 dxe5 18. Qe2 Nh5 19. Kh2 Nf4 20. Qf3 Rad8 21. g3 Ne6 22. Bb3 Ng5 23. Qe2 a4 24. Bc2 Rd6 25. Nc4 bxc4 26. Rxd6 Qxb2 27. Rxc6 Qxc3 28. Rxc4 Qb2 29. Rb1 Qxa2 30. Rxa4 Qe6 31. h4 Qh3+ 32. Kg1 Ne6 33. Bb3 Nd4 34. Rxd4 exd4 35. Qc4 Qd7 36. f3 d3 37. Rd1 Rd8 38. Kg2 d2 39. Qd5 Qxd5 40. Bxd5 Bc3 41. Kf2 Kg7 42. Ke2 Ba5 43. Ra1 Bc3 44. Ra7 Rf8 45. Rd7 Bb4 46. Bb3 h5 47. Rd4 Bc3 48. Rd3 Bb4 49. Rd7 Bc3 50. Kd1 Bb4 51. Kc2 Ba5 52. f4 Bb4 53. Kd1 Ba5 54. Ke2 Bb4 55. e5 Ba5 56. e6 Re8 57. Rxf7+ Kg8 58. Rd7 Bb4 59. Kf3 Kh8 60. g4 Ba5 61. gxh5 gxh5 62. f5 Bc3 63. Rd3 Bf6 64. Rd7 Bg7 65. Rxd2 Bf6 66. Rd7 Bg7 67. Ke4 Bf6 68. Bd5 Bxh4 69. Ke5 Bg3+ 70. Kf6 Bh4+ 71. Kf7 Rg8 72. f6 Kh7 73. e7 Bxf6 74. Kxf6 Rg7 75. Bf7 Rg6+ 76. Bxg6+ 1-0


[Site "https://www.chess.com"]

[Event "Titled Tuesday Blitz June 20 Late 2023"]
[White "Lach, Aleksandra"]
[Black "Fernandez Siles, Luis"]
[WhiteFideId "1134299"]
[BlackFideId "2209420"]
[WhiteElo "2111"]
[BlackElo "2195"]
[Result "0-1"]
[Round "5"]
[TimeControl "180+2"]
[Date "2023.06.20"]
[WhiteClock "0:00:35"]
[BlackClock "0:00:56"]
[Board "152"]

1. Nf3 g6 2. g3 Bg7 3. Bg2 e5 4. d3 Nc6 5. O-O d5 6. e4 dxe4 7. dxe4 Qxd1 8. Rxd1 Bg4 9. c3 Nf6 10. Re1 O-O 11. h3 Bxf3 12. Bxf3 Rfe8 13. Na3 Nd7 14. Be3 Bf8 15. Nc2 Bc5 16. Rad1 Bxe3 17. Nxe3 Nb6 18. Nd5 Nxd5 19. exd5 Na5 20. d6 cxd6 21. Rxd6 Nc4 22. Rd7 Nxb2 23. Bd5 Rf8 24. Rb1 Na4 25. Rc7 Nb6 26. Bb3 Rac8 27. Rxb7 Rxc3 28. Rxa7 h5 29. Re1 h4 30. Kg2 hxg3 31. fxg3 Rc5 32. Rf1 Nd5 33. Kf3 Kg7 34. Rd1 e4+ 35. Kxe4 Nc3+ 36. Kd4 Rcc8 37. Rd7 Nxd1 38. Bxd1 Rcd8 0-1


[Site "https://www.chess.com"]

[Event "Titled Tuesday Blitz June 20 Late 2023"]
[White "Quirke, Jeffrey"]
[Black "Fajdetic, Hrvoje"]
[WhiteFideId "2013029"]
[BlackFideId "14501945"]
[WhiteElo "2207"]
[BlackElo "2185"]
[Result "1-0"]
[Round "5"]
[TimeControl "180+2"]
[Date "2023.06.20"]
[WhiteClock "0:00:21"]
[BlackClock "0:00:00"]
[Board "153"]

1. e4 c5 2. Nc3 a6 3. g3 g6 4. Bg2 Bg7 5. f4 Nc6 6. d3 d6 7. Nh3 h5 8. Nf2 h4 9. g4 h3 10. Nxh3 Nd4 11. Nf2 e5 12. Nd5 Ne7 13. Nxe7 Qxe7 14. c3 Nc6 15. f5 Qh4 16. Qf3 b5 17. Be3 b4 18. h3 Bh6 19. O-O Bxe3 20. Qxe3 g5 21. Nh1 f6 22. Ng3 Qh6 23. Ne2 O-O 24. d4 cxd4 25. cxd4 a5 26. d5 Ne7 27. Rac1 Ba6 28. Rc7 Rf7 29. Rfc1 Kg7 30. Ng3 Re8 31. Nh5+ Kf8 32. Bf1 Bxf1 33. Kxf1 Ng8 34. Qa7 Qh7 35. Rxf7+ Qxf7 36. Qxf7+ Kxf7 37. Rc7+ Re7 38. Rxe7+ Kxe7 39. Ke2 Kd7 40. Kd3 Kc7 41. Kc4 Kb6 42. Ng7 Ne7 43. Ne8 Nc8 44. Nxf6 Ka6 45. Nh7 Nb6+ 46. Kd3 Kb5 47. Nxg5 Nd7 48. Nf3 Nc5+ 49. Ke3 a4 50. f6 1-0


[Site "https://www.chess.com"]

[Event "Titled Tuesday Blitz June 20 Late 2023"]
[White "sebastianmarinp"]
[Black "Cueto, Jonny"]
[BlackFideId "3300145"]
[WhiteElo "2362"]
[BlackElo "2240"]
[Result "1-0"]
[Round "5"]
[TimeControl "180+2"]
[Date "2023.06.20"]
[WhiteClock "0:01:00"]
[BlackClock "0:00:00"]
[Board "154"]

1. e4 e6 2. d4 d5 3. Nc3 Nf6 4. e5 Nfd7 5. f4 c5 6. Nf3 Nc6 7. Be3 Be7 8. Qd2 O-O 9. dxc5 Nxc5 10. O-O-O a6 11. Qf2 Nd7 12. Nd4 Nxd4 13. Bxd4 b5 14. Bd3 b4 15. Ne2 g6 16. Kb1 a5 17. g4 a4 18. h4 b3 19. h5 a3 20. cxb3 axb2 21. Bxb2 Qa5 22. Nc1 Nc5 23. Qh2 g5 24. Bc2 h6 25. a3 Ne4 26. b4 Qa7 27. Rhe1 Ba6 28. Qg2 Bc4 29. Rxe4 dxe4 30. Qxe4 f5 31. Qxc4 Rfc8 32. Qxe6+ Kf8 33. Qxh6+ Kg8 34. Bxf5 Rxc1+ 35. Rxc1 1-0


[Site "https://www.chess.com"]

[Event "Titled Tuesday Blitz June 20 Late 2023"]
[White "Bueno, Alfeu Junior Varela"]
[Black "Gardezi, Arsal"]
[WhiteFideId "2108879"]
[BlackFideId "30949521"]
[WhiteElo "2175"]
[BlackElo "1906"]
[Result "1-0"]
[Round "5"]
[TimeControl "180+2"]
[Date "2023.06.20"]
[WhiteClock "0:00:15"]
[BlackClock "0:00:14"]
[Board "155"]

1. e4 e5 2. Nc3 Nc6 3. Bc4 Nf6 4. d3 Na5 5. Bb3 Nxb3 6. axb3 Bc5 7. Bg5 h6 8. Bh4 g5 9. Bg3 d6 10. Na4 Bg4 11. Ne2 Bb6 12. Nxb6 axb6 13. f3 Be6 14. O-O Nh5 15. Rxa8 Qxa8 16. d4 Nxg3 17. Nxg3 O-O 18. Qd2 Qa5 19. b4 Qa2 20. d5 Bd7 21. h4 f6 22. c3 Kh7 23. Kf2 Qa8 24. Rh1 Kg6 25. Nf5 Bxf5 26. exf5+ Kg7 27. Qe2 Qa2 28. Kg3 Qxd5 29. Qe3 Qf7 30. Qd3 Qd7 31. Kf2 Qc6 32. g4 d5 33. Rd1 Rd8 34. Kg3 Rd6 35. hxg5 fxg5 36. Rh1 e4 37. Qd4+ Rf6 38. Re1 Qe6 39. fxe4 Qd6+ 40. e5 1-0


[Site "https://www.chess.com"]

[Event "Titled Tuesday Blitz June 20 Late 2023"]
[White "Lalanne, Pablo"]
[Black "Calhoun, Luke"]
[WhiteFideId "112151"]
[BlackFideId "2064421"]
[WhiteElo "2120"]
[BlackElo "2255"]
[Result "1/2-1/2"]
[Round "5"]
[TimeControl "180+2"]
[Date "2023.06.20"]
[WhiteClock "0:00:35"]
[BlackClock "0:00:41"]
[Board "156"]

1. e4 e5 2. Nf3 Nf6 3. d4 Nxe4 4. Bd3 d5 5. Nxe5 Bd6 6. O-O Nd7 7. Nxd7 Bxd7 8. c4 c6 9. Nc3 Nxc3 10. bxc3 O-O 11. cxd5 cxd5 12. Qh5 g6 13. Qxd5 Bf5 14. Qf3 Bxd3 15. Qxd3 Rc8 16. h3 Re8 17. Bd2 a6 18. a4 Qc7 19. Rfe1 Red8 20. Rab1 Qc6 21. Qe4 Qxa4 22. Qxb7 Qc2 23. Rbd1 a5 24. Qb1 Qa4 25. Qd3 Qc6 26. Ra1 a4 27. Rec1 Qc4 28. Qxc4 Rxc4 29. Kf1 Ra8 30. Ke2 a3 31. Kd3 Rac8 32. Rc2 f5 33. Bc1 Bb4 34. Bd2 Kf7 35. Re1 Bd6 36. Rb1 Ke6 37. Rb6 Kd5 38. Ra6 Bb4 39. Ra4 Bd6 40. Rxc4 Rxc4 41. Rc1 a2 42. Ra1 Ra4 43. Kc2 Kc4 44. Kb2 Ba3+ 45. Kc2 Bd6 46. Kb2 Ba3+ 47. Kc2 Bd6 1/2-1/2


[Site "https://www.chess.com"]

[Event "Titled Tuesday Blitz June 20 Late 2023"]
[White "Rian, Kapriaga"]
[Black "Sainz Aguirre, Ignacio"]
[WhiteFideId "7103263"]
[BlackFideId "5101727"]
[WhiteElo "2343"]
[BlackElo "1889"]
[Result "1-0"]
[Round "5"]
[TimeControl "180+2"]
[Date "2023.06.20"]
[WhiteClock "0:01:27"]
[BlackClock "0:00:00"]
[Board "157"]

1. d4 d5 2. e3 e6 3. c4 a6 4. Nc3 Nf6 5. Nf3 Bd6 6. b3 Nbd7 7. Be2 b6 8. O-O Bb7 9. cxd5 exd5 10. a4 O-O 11. Ba3 Bxa3 12. Rxa3 Re8 13. Qc2 Qe7 14. Ra2 Rac8 15. Rc1 c5 16. Qb2 Ne4 17. Nxe4 dxe4 18. Nd2 cxd4 19. Rxc8 Rxc8 20. Qxd4 Rc1+ 21. Nf1 h6 22. b4 Qe6 23. Rd2 Nf6 24. Rd1 Rxd1 25. Qxd1 Qd5 26. Qc1 Qc6 27. Qd2 Qd5 28. Qc3 Qc6 29. Qe5 Qd5 30. Qb8+ Kh7 31. h3 Qa2 32. Qxb7 Qxe2 33. Qxb6 Nd5 34. Qb7 Nc3 35. Qd7 Qe1 36. g3 Ne2+ 37. Kg2 Nc3 38. Qd2 Qxd2 39. Nxd2 Nxa4 40. Nxe4 Nb2 41. Nc5 1-0


[Site "https://www.chess.com"]

[Event "Titled Tuesday Blitz June 20 Late 2023"]
[White "White, John S."]
[Black "Castella Garcia, Fausto"]
[WhiteFideId "2502348"]
[BlackFideId "3501922"]
[WhiteElo "2028"]
[BlackElo "2245"]
[Result "0-1"]
[Round "5"]
[TimeControl "180+2"]
[Date "2023.06.20"]
[WhiteClock "0:00:00"]
[BlackClock "0:00:32"]
[Board "158"]

1. e4 c5 2. Nf3 Nf6 3. Nc3 d6 4. Bc4 Nc6 5. O-O e6 6. Re1 Be7 7. a4 O-O 8. d3 d5 9. exd5 Nxd5 10. Nxd5 exd5 11. Bb3 Bg4 12. h3 Bh5 13. Be3 Ne5 14. g4 Nxg4 15. hxg4 Bxg4 16. Qe2 Rc8 17. Kg2 Rc6 18. Bf4 Re6 19. Qd2 Rf6 20. Ne5 Bd6 21. Nxg4 Rxf4 22. Ne3 Qg5+ 23. Kf1 d4 24. Ng2 Rf5 25. Qxg5 Rxg5 26. Re4 h5 27. Rae1 Kh7 28. Re8 Rxe8 29. Rxe8 f6 30. Re6 Be5 31. Bd5 b6 32. Re7 Kh6 33. Rxa7 Rf5 34. Ke2 Rg5 35. Nh4 Bb8 36. Rb7 Rxd5 37. Rxb8 g5 38. Nf3 g4 39. Nh4 Kg5 40. Ng2 f5 41. Rxb6 h4 42. Kf1 h3 43. Ne1 Re5 0-1


[Site "https://www.chess.com"]

[Event "Titled Tuesday Blitz June 20 Late 2023"]
[White "Burke, Paul"]
[Black "K2JW"]
[WhiteFideId "2605767"]
[WhiteElo "1913"]
[BlackElo "2334"]
[Result "0-1"]
[Round "5"]
[TimeControl "180+2"]
[Date "2023.06.20"]
[WhiteClock "0:00:06"]
[BlackClock "0:00:03"]
[Board "159"]

1. e4 c5 2. d4 cxd4 3. c3 dxc3 4. Nxc3 Nc6 5. Nf3 e6 6. Bf4 d6 7. Bd3 Nge7 8. Qe2 Ng6 9. Bg3 Be7 10. Rd1 O-O 11. h4 e5 12. h5 Nf4 13. Bxf4 exf4 14. h6 Bg4 15. hxg7 Re8 16. e5 Nxe5 17. Bxh7+ Kxg7 18. Be4 f5 19. Bxf5 Nxf3+ 20. gxf3 Bxf5 21. Rg1+ Bg5 22. Ne4 Bxe4 23. fxe4 Re5 24. Rd5 Rxd5 25. exd5 Qf6 26. Kd1 Qe5 27. Qd3 Rh8 28. Kc2 Rc8+ 29. Kb1 Re8 30. a3 Kf6 31. Rh1 Qf5 32. Qxf5+ Kxf5 33. Rh7 Re2 34. Rxb7 Rxf2 35. Rxa7 f3 36. b4 Bf6 37. b5 Rb2+ 38. Kc1 f2 0-1


[Site "https://www.chess.com"]

[Event "Titled Tuesday Blitz June 20 Late 2023"]
[White "Rosenberg, Evan S"]
[Black "Gyulamiryan-koryun"]
[WhiteFideId "2019299"]
[WhiteElo "2328"]
[BlackElo "1878"]
[Result "1-0"]
[Round "5"]
[TimeControl "180+2"]
[Date "2023.06.20"]
[WhiteClock "0:01:05"]
[BlackClock "0:00:11"]
[Board "160"]

1. d4 Nf6 2. Bg5 g6 3. Bxf6 exf6 4. e3 Bg7 5. Ne2 O-O 6. Nf4 c6 7. Bc4 d5 8. Bb3 b5 9. a4 b4 10. c3 a5 11. c4 Bb7 12. cxd5 cxd5 13. h4 h5 14. Nd2 Re8 15. Kf1 Na6 16. Rh3 Nc7 17. Rg3 Ne6 18. Nxh5 gxh5 19. Qxh5 Re7 20. Qg4 Qf8 21. Bc2 f5 22. Qxf5 f6 23. Qh7+ Kf7 24. Bg6# 1-0


[Site "https://www.chess.com"]